 Dungeon Sprint DCSS version 0.17.1-3-g152610e (webtiles) character file.

2494 Kokonut the Unseen (level 9, -3/39 HPs)
             Began as a Spriggan Enchanter on Feb 26, 2016.
             Was a Follower of Dithmenos.
             Killed by an exploding giant spore (32 damage)
             ... in the Dungeon (Sprint I: "Red Sonja").
             The game lasted 00:07:32 (394 turns).

Kokonut the Unseen (Spriggan Enchanter)              Turns: 394, Time: 00:07:32

Health: -3/39      AC:  4    Str:  4    XL:     9   Next: 28%
Magic:  19/22      EV: 28    Int: 17    God:    Dithmenos [*.....]
Gold:   551        SH:  0    Dex: 19    Spells: 3 memorised, 18 levels left

rFire  . . .     SeeInvis +     a - +1 dagger
rCold  . . .     Clarity  .     k - +2 robe {MR+}
rNeg   . . .     SustAt   .     (shield restricted)
rPois  .         Gourm    .     (helmet restricted)
rElec  .         Spirit   .     (no cloak)
rCorr  .         Warding  .     (gloves unavailable)
rMut   .         NoTele   +     (boots unavailable)
MR     ++...                    (no amulet)
Stlth  ++++......               (no ring)
                                (no ring)

@: confused, wreathed by umbra, very quick, very resistant to hostile
enchantments, stealthy
A: unfitting armour, see invisible, herbivore 3, speed 3, slow metabolism 2
a: Renounce Religion


You were in the Dungeon.
You worshipped Dithmenos.
Dithmenos was aware of your devotion.
You were not hungry.

You visited 1 branch You collected 551 gold pieces.

Inventory:

Hand Weapons
 a - a +1 dagger (weapon)
Armour
 b - a +1 robe
 k - a +2 robe of magic resistance (worn)
Scrolls
 j - a scroll of enchant armour {unknown}
Potions
 e - a potion of curing
 f - a potion of heal wounds
 g - a potion of haste
 h - 2 potions of magic
 i - a potion of invisibility
Books
 c - a book of Maledictions

   Spells                             Type                      Level
   a - Corona                         Hexes                        1
   b - Ensorcelled Hibernation        Hexes/Ice                    2
   c - Confuse                        Hexes                        3
   d - Tukima's Dance                 Hexes                        3
   e - Dazzling Spray                 Conjuration/Hexes            3
Comestibles
 d - a bread ration


   Skills:
 + Level 11.2 Short Blades
 + Level 10.8 Dodging
 + Level 20.0 Stealth
 + Level 8.2 Spellcasting
 - Level 10.0 Hexes


You had 18 spell levels left.
You knew the following spells:

 Your Spells              Type           Power        Failure   Level  Hunger
a - Corona                Hex            #####..      1%          1    None
b - Ensorcelled Hibernat  Hex/Ice        ###...       1%          2    None
c - Confuse               Hex            #####...     1%          3    #......


Dungeon Overview and Level Annotations

Branches:
Dungeon (1/1)

Altars:
Cheibriados
Dithmenos
Elyvilon
Fedhas
Gozag
Kikubaaqudgha
Makhleb
Nemelex Xobeh
Okawaru
Qazlal
Ru
Sif Muna
Trog
Vehumet
Xom
Yredelemnul
Zin
The Shining One
Jiyva

Shops:
D ?


Innate Abilities, Weirdness & Mutations

You are tiny and cannot use many weapons and most armour.
You have supernaturally acute eyesight.
You are a herbivore.
You cover ground extremely quickly.
You need consume almost no food.


Message History

You can't see any susceptible monsters within range! (Use Z to cast anyway.)
Press: ? - help, v - describe, . - travel
Here: a giant spore (umbra)
The floor, covered with mould.
Unknown command.
Casting: Ensorcelled Hibernation
Confirm with . or Enter, or press ? or * to list all spells.
Aiming: Confuse
Press: ? - help, Shift-Dir - straight line, f - giant spore
Aim: a giant spore (umbra, magic immune)
The giant spore is unaffected.
The giant spore explodes!
The explosion of spores engulfs you!
You are confused.
The explosion of spores engulfs the giant spore.
The giant spore explodes!
The explosion of spores engulfs you!
You are more confused.
Ouch! That really hurt!
You die...

#..####..#...#.####§§#
#..#__####..##)#§§§.§#
#..#_..__##'#..+§§≈..+.y#
#⌠⌠#_.∩..÷'..._#§§§..#$$#
####_..._##_.#+##+#####+#
#_____###'#(#§[..#
#########.####+### +...+
#.@.# ##.## #'# !$!


$)$$$ ####### There were no monsters in sight!

Vanquished Creatures
  2 centaur warriors (D)
  Sonja (D)
  A slime creature (D)
  Sigmund (D)
  A yak (D)
  An ogre (D)
  A jelly (D)
  Ijyb (D)
9 creatures vanquished.

Notes
Turn   | Place    | Note
--------------------------------------------------------------
     0 | D        | Kokonut the Spriggan Enchanter began the quest for the Orb.
     0 | D        | Reached XP level 1. HP: 9/9 MP: 5/5
     1 | D        | Noticed Ijyb
    10 | D        | Killed Ijyb
    10 | D        | Reached skill level 6 in Stealth
    10 | D        | Reached XP level 2. HP: 13/13 MP: 6/6
    47 | D        | Learned a level 2 spell: Ensorcelled Hibernation
    47 | D        | Noticed an ogre
    52 | D        | Killed an ogre
    52 | D        | Reached skill level 9 in Stealth
    52 | D        | Reached XP level 3. HP: 16/16 MP: 2/10
    52 | D        | Reached XP level 4. HP: 21/21 MP: 2/11
    65 | D        | Noticed Sigmund
    68 | D        | Killed Sigmund
    68 | D        | Reached skill level 12 in Stealth
    68 | D        | Reached XP level 5. HP: 24/24 MP: 3/14
    68 | D        | Reached XP level 6. HP: 28/28 MP: 3/16
    91 | D        | Found a snail-covered altar of Cheibriados.
    91 | D        | Found a viscous altar of Jiyva.
    91 | D        | Found a shadowy altar of Dithmenos.
    91 | D        | Found a blossoming altar of Fedhas.
    91 | D        | Noticed a slime creature
    94 | D        | Killed a slime creature
    94 | D        | Reached skill level 13 in Stealth
    96 | D        | Became a worshipper of Dithmenos the Shadowed
   112 | D        | Found a deep blue altar of Sif Muna.
   112 | D        | Noticed a jelly
   114 | D        | Found a radiant altar of Vehumet.
   118 | D        | Killed a jelly
   140 | D        | Found Boercha's Magic Scroll Emporium.
   140 | D        | Found a white marble altar of Elyvilon.
   140 | D        | Found a stormy altar of Qazlal.
   140 | D        | Found a burning altar of Makhleb.
   140 | D        | Found a sacrificial altar of Ru.
   140 | D        | Found a basalt altar of Yredelemnul.
   140 | D        | Found a glowing golden altar of the Shining One.
   140 | D        | Found a sparkling altar of Nemelex Xobeh.
   140 | D        | Found a shimmering altar of Xom.
   140 | D        | Found an opulent altar of Gozag.
   140 | D        | Found an ancient bone altar of Kikubaaqudgha.
   140 | D        | Found a glowing silver altar of Zin.
   140 | D        | Noticed a yak
   141 | D        | Found an iron altar of Okawaru.
   142 | D        | Killed a yak
   142 | D        | Reached skill level 14 in Stealth
   142 | D        | Reached skill level 10 in Hexes
   142 | D        | Reached XP level 7. HP: 32/32 MP: 12/19
   143 | D        | Found a bloodstained altar of Trog.
   159 | D        | Noticed a centaur warrior
   159 | D        | Noticed a centaur warrior
   176 | D        | Killed a centaur warrior
   176 | D        | Reached * piety under Dithmenos
   176 | D        | Reached skill level 17 in Stealth
   176 | D        | Reached XP level 8. HP: 14/36 MP: 13/21
   185 | D        | Killed a centaur warrior
   185 | D        | Reached skill level 10 in Short Blades
   185 | D        | Reached skill level 18 in Stealth
   196 | D        | Noticed a wasp
   376 | D        | Learned a level 3 spell: Confuse
   376 | D        | Noticed Sonja
   380 | D        | Killed Sonja
   380 | D        | Reached skill level 10 in Dodging
   380 | D        | Reached skill level 20 in Stealth
   380 | D        | Reached XP level 9. HP: 39/39 MP: 22/22
   394 | D        | Killed by an exploding giant spore

Action                   |  1- 3 |  4- 6 |  7- 9 || total
-------------------------+-------+-------+-------++-------
Melee: Dagger            |    10 |     4 |     4 ||    18
 Cast: Ensorcelled Hiber |     2 |       |     3 ||     5
       Confuse           |       |       |     1 ||     1
  Use: Potion            |     1 |       |       ||     1
       Scroll            |       |       |     1 ||     1
 Stab: Sleeping          |     1 |     4 |     3 ||     8
